 Dungeon Crawl Stone Soup version 0.22.0-81-g402daae900 (webtiles) character file.

23 JedernureinKreuz the Conjurer (level 2, 0/20 HPs)
             Began as a Gnoll Conjurer on Sept 16, 2018.
             Slain by a gnoll
             ... wielding a +0 spear
              (10 damage)
             ... on level 2 of the Dungeon.
             The game lasted 00:04:46 (444 turns).

JedernureinKreuz the Conjurer (Gnoll Conjurer)       Turns: 444, Time: 00:04:47

Health: 0/20       AC:  3    Str: 10    XL:     2   Next: 95%
Magic:  3/7        EV: 14    Int: 17    God:
Gold:   81         SH:  0    Dex: 15    Spells: 9/10 levels left

rFire    + . .     SeeInvis .   i - +0 dagger
rCold    x . .     Gourm    .   (no shield)
rNeg     + . .     Faith    .   a - +0 robe
rPois    .         Spirit   .   (no helmet)
rElec    .         Reflect  .   e - +0 cloak
rCorr    .         Harm     .   (no gloves)
MR       .....                  (no boots)
Stlth    +++.......             (no amulet)
HPRegen  0.06/turn              k - ring of fire
MPRegen  0.10/turn              o - ring of positive energy

@: no status effects
A: distributed training, fangs 1, strong nose
a: no special abilities


You were on level 2 of the Dungeon.
You were not hungry.

You visited 1 branch of the dungeon, and saw 2 of its levels.

You collected 81 gold pieces.

Inventory:

Hand Weapons
 i - a +0 dagger (weapon)
 l - a +2 whip of electrocution
Missiles
 b - 36 sling bullets
Armour
 a - a +0 robe (worn)
 e - a +0 cloak (worn)
Jewellery
 k - a ring of fire (left hand)
 o - a ring of positive energy (right hand)
Scrolls
 f - 3 scrolls of identify {unknown}
 h - 4 scrolls of remove curse {unknown}
Potions
 d - a potion of flight {unknown}
 j - a potion of heal wounds {unknown}
 m - 2 potions of curing {unknown}
 n - 2 potions of degeneration {unknown}
Comestibles
 c - 2 rations
 g - a chunk of flesh


   Skills:
 + Level 0.5 Fighting
 + Level 0.5 Short Blades
 + Level 0.5 Long Blades
 + Level 0.5 Axes
 + Level 0.5 Maces & Flails
 + Level 0.5 Polearms
 + Level 0.5 Staves
 + Level 0.5 Slings
 + Level 0.5 Bows
 + Level 0.5 Crossbows
 + Level 0.5 Throwing
 + Level 0.5 Armour
 + Level 4.5 Dodging
 + Level 4.1 Stealth
 + Level 0.5 Shields
 + Level 0.5 Unarmed Combat
 + Level 4.9 Spellcasting
 + Level 7.0 Conjurations
 + Level 0.4 Hexes
 + Level 0.4 Charms
 + Level 0.4 Summonings
 + Level 0.4 Necromancy
 + Level 0.4 Translocations
 + Level 0.4 Transmutations
 + Level 0.4 Fire Magic
 + Level 0.4 Ice Magic
 + Level 0.4 Air Magic
 + Level 0.4 Earth Magic
 + Level 0.4 Poison Magic
 + Level 0.7 Invocations
 + Level 0.5 Evocations


You had 9 spell levels left.
You knew the following spells:

 Your Spells              Type           Power        Failure   Level  Hunger
a - Magic Dart            Conj           ####         1%          1    None

Your spell library contained the following spells:

 Spells                   Type           Power        Failure   Level  Hunger
 Searing Ray              Conj           ####..       1%          2    #......
 Iskenderun's Mystic Bla  Conj           ####....     8%          4    ####...
 Dazzling Spray           Conj/Hex       ###...       10%         3    ###....
 Force Lance              Conj/Tloc      ###.....     30%         4    ####...
 Fulminant Prism          Conj/Hex       ###.......   30%         4    ####...


Dungeon Overview and Level Annotations

Branches:
Dungeon (2/15)

Altars:


Innate Abilities, Weirdness & Mutations

Your experience applies equally to all skills.
You have very sharp teeth.
Your uncanny sense of smell can sniff out nearby items.


Message History

The gnoll is moderately wounded.
The gnoll barely misses you.
Casting: Magic Dart (safe; 1% risk of failure)
Confirm with . or Enter, or press ? or * to list all spells.
Aiming: Magic Dart (safe; 1% risk of failure)
Press: ? - help, Shift-Dir - straight line, f/p - gnoll
Aim: a gnoll, wielding a spear (moderately wounded)
The magic dart hits the gnoll.
The gnoll is moderately wounded.
The gnoll misses you. The gnoll hits you but does no damage.
Casting: Magic Dart (safe; 1% risk of failure)
Confirm with . or Enter, or press ? or * to list all spells.
Aiming: Magic Dart (safe; 1% risk of failure)
Press: ? - help, Shift-Dir - straight line, f/p - gnoll
Aim: a gnoll, wielding a spear (moderately wounded)
The magic dart hits the gnoll.
The gnoll is almost dead.
The gnoll barely misses you. The gnoll hits you with a spear!
Ouch! That really hurt!
You die...

..# #.# ###.# .. ..
..#.# ..##.###.#.# #
. ..#.#..<#.#.# #.
#.#.#...#.#.###.#
...#.#.#g..........#
.......@....#.#####
###.###..#.g...# ..
..............## ##
#.###..#......#
#......######รท#
.....#...# #.# #.##
#..g# #.# #.
#...######.# #..
#..........#


You could see 2 gnolls.

Vanquished Creatures
  A gnoll (D:2)
  A dart slug (D:1)
  A giant cockroach (D:2)
  2 hobgoblins (D:1)
  A kobold (D:1)
  3 frilled lizards
  A goblin (D:1)
  3 rats (D:1)
13 creatures vanquished.

Notes
Turn   | Place    | Note
-------+----------+-------------------------------------------
     0 | D:1      | JedernureinKreuz the Gnoll Conjurer began the quest for the
                  | Orb.
     0 | D:1      | Reached XP level 1. HP: 13/13 MP: 6/6
   171 | D:1      | Reached XP level 2. HP: 19/19 MP: 4/7
   444 | D:2      | Slain by a gnoll

Action                   || total
-------------------------++-------
Melee: Dagger            ||     1
 Cast: Magic Dart        ||    26
Dodge: Dodged            ||    11
